 Dungeon Crawl Stone Soup version 0.28-a0-1033-g1a2f33fa85 (webtiles) character file.

Game seed: 9028575615005453

144 polve the Changer (level 5, -5/40 HPs)
             Began as a Draconian Transmuter on Dec 7, 2021.
             Was an Initiate of Ashenzari.
             Slain by an iguana (9 damage)
             ... on level 3 of the Dungeon.
             The game lasted 00:08:22 (4565 turns).

polve the Changer (Draconian Transmuter)            Turns: 4565, Time: 00:08:22

Health: -5/40      AC:  2    Str: 12    XL:     5   Next: 5%
Magic:  5/8        EV: 19    Int: 15    God:    Ashenzari [......]
Gold:   162        SH:  0    Dex: 17    Spells: 2/8 levels left

rFire   . . .      SeeInvis .     - Unarmed
rCold   . . .      Faith    .   (shield currently unavailable)
rNeg    + . .      Spirit   .   (armour unavailable)
rPois   x          Reflect  .   (helmet currently unavailable)
rElec   .          Harm     .   (cloak currently unavailable)
rCorr   .          Rampage  .   (gloves currently unavailable)
Will    .....                   (boots currently unavailable)
Stlth   ++........              (no amulet)
HPRegen 0.13/turn               c - ring of flight
MPRegen 0.11/turn               h - ring of positive energy

@: spider-form, flying
A: venomous fangs, AC +5, tiny, unfitting armour, (cold-blooded)
a: End Transformation, Renounce Religion


You were on level 3 of the Dungeon.
You worshipped Ashenzari.
Ashenzari was noncommittal.
You were a venomous arachnid creature.
You visited 2 branches of the dungeon, and saw 5 of its levels.

You collected 162 gold pieces.

Inventory:

Armour
 k - a +1 pair of boots (melded)
Jewellery
 c - a ring of flight (left front leg)
 h - a ring of positive energy (right front leg)
 i - a ring of positive energy
 n - an amulet of magic regeneration
Scrolls
 a - a scroll of fog {unknown}
 d - 2 scrolls of fear {unknown}
 e - a scroll of silence {unknown}
 f - 2 scrolls of brand weapon
 j - 2 scrolls of vulnerability {unknown}
 l - a scroll of identify {unknown}
 m - a scroll of teleportation {unknown}
 o - a scroll of magic mapping {unknown}
 r - a scroll of immolation {unknown}
Potions
 b - 3 potions of magic {unknown}
 g - a potion of ambrosia {unknown}
 p - a potion of brilliance {unknown}
 q - a potion of lignification {unknown}


   Skills:
 - Level 1.1 Fighting
 - Level 1.7 Dodging
 - Level 3.0 Unarmed Combat
 - Level 2.0 Spellcasting
 + Level 5.3 Transmutations


You had 2 spell levels left.
You knew the following spells:

 Your Spells              Type           Power      Damage    Failure   Level
a - Beastly Appendage     Tmut           34%        N/A       10%         1
b - Wereblood             Tmut           17%        N/A       12%         2
c - Spider Form           Tmut/Pois      9%         N/A       43%         3

Your spell library contained the following spells:

 Spells                   Type           Power      Damage    Failure   Level
 Ice Form                 Ice/Tmut       9%         N/A       78%         4
 Chain Lightning          Conj/Air       0%         2d1       100%        9
 Fire Storm               Conj/Fire      0%         6d1       100%        9
 Shatter                  Erth           0%         3d5*      100%        9


Dungeon Overview and Level Annotations

Branches:
Dungeon (4/15)             Temple (1/1) D:4

Altars:
Ashenzari
Cheibriados
Dithmenos
Elyvilon
Fedhas
Gozag
Kikubaaqudgha
Makhleb
Nemelex Xobeh
Okawaru
Qazlal
Ru
Sif Muna
Trog
Uskayaw
Vehumet
Wu Jian
Xom
Yredelemnul
Zin
The Shining One


Innate Abilities, Weirdness & Mutations

You are a venomous arachnid creature.
You have poisonous fangs.
You are tiny and dextrous.
Your spellcasting is less reliable in this form.
Your armour is entirely melded.
You are incapable of wielding weapons or throwing items.
((Your plain brown scales are hard. (AC +5)))
You cannot fit into any form of body armour.
((You are cold-blooded and may be slowed by cold attacks.))


Message History

You tail-slap the iguana, but do no damage.
The iguana is lightly wounded.
The iguana closely misses you.
You closely miss the iguana. Your kick misses the iguana.
The iguana is lightly wounded.
You hit the iguana but do no damage.
The iguana is lightly wounded.
The iguana bites you!
You hit the iguana but do no damage. Your kick misses the iguana.
The iguana is lightly wounded.
The iguana bites you!
You hit the iguana.
Your tail-slap misses the iguana.
The iguana is lightly wounded.
The iguana barely misses you.
You hit the iguana. Your kick misses the iguana.
Your tail-slap misses the iguana.
The iguana is moderately wounded.
The iguana bites you!
* * * LOW HITPOINT WARNING * * *
Your transformation is almost over.
Your horns disappear.
Your talons disappear.
Your +1 pair of boots unmelds from your body.
A kobold comes into view. It is wielding a +0 whip.
There is an escape hatch in the ceiling here.
The kobold shouts!
The iguana bites you but does no damage.
A mysterious force pulls you upwards. The hatch slams shut behind you.
You hit the iguana. You tail-slap the iguana.
The iguana is moderately wounded.
The iguana bites you!
* * * LOW HITPOINT WARNING * * *
Casting: Beastly Appendage (safe; 2% risk of failure)
Confirm with . or Enter, or press ? or * to list all spells.
The spell is quite dangerous to miscast (22% risk of failure)!
Continue anyway?
Uppercase [Y]es or [N]o only, please.
The spell is quite dangerous to miscast (22% risk of failure)!
Continue anyway?
You turn into a venomous arachnid creature.
Your +1 pair of boots melds into your body.
The iguana bites you!
You die...

#..........# #.# #.#...#.####
.....####### #.# #.##.##.# #
###.## #.# #.......# # # #.#
#####.########.#### # # #.#
#.........# #)# ###+##
#.###.###.# #.# ##...## #.# #.#
#.# #.# #.....## #.###l# #.#
##.### .......## #.)##s# #.#
#....## #
........####...#.###.###.#...####
........'.......................'
........###.###..##.######...####
.......###.## ##.##.# #..## #
#..^..## #.# #.##.# #.## ##...##
#.## ##.##.# #.# ##'##
##.###.###.# #.# #.# ##........#
#.#


You could see an iguana.

Vanquished Creatures
  An iguana (D:4)
  5 adders
  2 worms
  2 dart slugs (D:2)
  An orc (D:3)
  9 endoplasms
  2 giant cockroaches
  3 goblins
  6 hobgoblins
  3 jackals (D:2)
  2 quokkas (D:1)
  6 ball pythons
  5 bats
  4 kobolds
  10 rats
61 creatures vanquished.

Vanquished Creatures (others)
  A plant (D:2)
1 creature vanquished.

Grand Total: 62 creatures vanquished

Notes
Turn   | Place    | Note
-------+----------+-------------------------------------------
     0 | D:1      | polve the Draconian Transmuter began the quest for the Orb.
     0 | D:1      | Reached XP level 1. HP: 16/16 MP: 3/3
   303 | D:1      | Reached XP level 2. HP: 21/23 MP: 5/5
   406 | D:1      | Reached skill level 3 in Transmutations
   487 | D:1      | Learned a level 2 spell: Wereblood
  1034 | D:1      | Reached XP level 3. HP: 27/28 MP: 6/6
  1040 | D:1      | Found a faded altar of an unknown god.
  1202 | D:2      | You fall into a shaft and drop 1 floor!
  1241 | D:2      | Found a broken altar of Ashenzari.
  1571 | D:2      | Reached skill level 4 in Transmutations
  1644 | D:2      | Learned a level 3 spell: Spider Form
  1836 | D:2      | Reached XP level 4. HP: 34/35 MP: 7/7
  2971 | D:3      | Reached skill level 5 in Transmutations
  3750 | D:4      | Found a staircase to the Ecumenical Temple.
  3773 | D:4      | Reached XP level 5. HP: 14/40 MP: 8/8
  3778 | Temple   | Entered the Ecumenical Temple
  4265 | Temple   | Became a worshipper of Ashenzari the Shackled
  4565 | D:3      | Slain by an iguana

Illustrated notes

Levels and vault maps discovered:
D:1:      minmay_arrival_up_and_down, layout_basic,
          shapermc_ecumenical_altar_mp_vishouse, minmay_misc_feat_hallway,
          minmay_rat_gold_closets
D:2:      cheibrodos_old_hovel, layout_rooms, basic_altar,
          hangedman_feature_mirror, corexii_leaking_fountain
D:3:      layout_loops_corners
D:4:      layout_layer_cave, minmay_temple_entry_drinking_statues
Temple:   regret_index_temple_sigil_plot

Skill      XL: |  1  2  3  4 |
---------------+-------------+-----
Transmutations | 3 4 5 |  5.3
Fighting       | |  1.1
Dodging        | |  1.7
Unarmed Combat | |  3.0
Spellcasting   | |  2.0

Action                   |  1- 3 |  4- 6 || total
-------------------------+-------+-------++-------
Melee: Unarmed           |   169 |   100 ||   269
       Tailslap          |    16 |    11 ||    27
       Punch             |     3 |     2 ||     5
       Headbutt          |     4 |     7 ||    11
       Kick              |     3 |     7 ||    10
 Cast: Beastly Appendage |     5 |     4 ||     9
       Wereblood         |     1 |       ||     1
       Spider Form       |       |     1 ||     1
  Use: Scroll            |       |     1 ||     1
 Stab: Sleeping          |     1 |       ||     1
Armor: Skin              |    69 |    23 ||    92
Dodge: Dodged            |   159 |    36 ||   195

Table legend: (Time is in decaauts)
 A = Elapsed time spent in this place.
 B = Non-inter-level travel time spent in this place.
 C = Inter-level travel time spent in this place.
 D = Time resting spent in this place.
 E = Time spent auto-exploring this place.
 F = Levels seen in this place.
 G = Mean time per level.
                   A        B        C        D        E       F      G
               +--------+--------+--------+--------+--------+-----+--------+
         Total |   4556 |   4396 |    160 |      0 |   3700 |   5 |  911.2 |
       Dungeon |   4045 |   3908 |    137 |      0 |   3281 |   4 | 1011.2 |
        Temple |    510 |    487 |     23 |      0 |    419 |   1 |  510.0 |
               +--------+--------+--------+--------+--------+-----+--------+

Top non-repeatable levels by time:
     D:3: 1350 daAuts
     D:1: 1181 daAuts
     D:2: 1173 daAuts
  Temple: 510 daAuts
     D:4: 340 daAuts
